 Dungeon Crawl Stone Soup version 0.31-a0-632-g766dd24fdf (webtiles) character file.

Game seed: 16138894191606456237

125 Ofeo the Sneak (level 5, -3/28 HPs)
             Began as a Kobold Earth Elementalist on Aug 25, 2023.
             Slain by a wraith (14 damage)
             ... in an ossuary.
             The game lasted 00:05:48 (3085 turns).

Ofeo the Sneak (Kobold Earth Elementalist)          Turns: 3085, Time: 00:05:49

Health: -3/28      AC:  2    Str:  5    XL:     5   Next: 30%
Magic:  9/9        EV: 16    Int: 17    God:
Gold:   79         SH:  0    Dex: 17    Spells: 4/10 levels left

rFire   + . .        k - +0 short sword
rCold   . . .        (no shield)
rNeg    . . .        a - +0 robe
rPois   .            (helmet restricted)
rElec   +            (no cloak)
rCorr   +            (no gloves)
SInv    +            (no boots)
Will    .....        (no amulet)
Stlth   ++++         j - ring of protection from cold
HPRegen 0.24/turn    c - ring of Ofeq {rElec rF+ rC- rCorr SInv}
MPRegen 0.11/turn

%: no passive effects
@: slowed, very slow
A: small, no large weapons, nightstalker 3, horns 1
a: no special abilities


You were in an ossuary.
You visited 1 branch of the dungeon, and saw 4 of its levels.
You also visited: Ossuary.

You collected 79 gold pieces.

Inventory:

Hand Weapons
 k - a +0 short sword (weapon)
Armour
 a - a +0 robe (worn)
Jewellery
 c - the ring of Ofeq (right hand) {rElec rF+ rC- rCorr SInv}
   (You found it on level 2 of the Dungeon)

   [ring of resist corrosion]

   rF+:       It protects you from fire.
   rC-:       It makes you vulnerable to cold.
   rElec:     It insulates you from electricity.
   SInv:      It lets you see invisible.
   rCorr:     It protects you from acid and corrosion.
 j - a ring of protection from cold (left hand)
Wands
 o - a wand of quicksilver (11)
Scrolls
 m - 4 scrolls of teleportation {@r3}
 n - a scroll of butterflies
Potions
 b - 2 potions of magic
 d - a potion of mutation
 e - 2 potions of might {unknown}
 f - a potion of resistance {unknown}
 g - a potion of attraction
 h - a potion of heal wounds {@q2}


   Skills:
 + Level 0.0 Short Blades
 - Level 3.4 Dodging
 + Level 3.8 Stealth
 + Level 3.0 Spellcasting
 * Level 0.3 Conjurations
 - Level 2.1 Transmutations
 + Level 3.6 Earth Magic


You had 4 spell levels left.
You knew the following spells:

 Your Spells              Type           Power      Damage    Failure   Level
a - Sandblast             Erth           30%        2d9       3%          1
b - Passwall              Tmut/Erth      10%        N/A       8%          2
c - Stone Arrow           Conj/Erth      18%        3d8       22%         3

Your spell library contained the following spells:

 Spells                   Type           Power      Damage    Failure   Level
 Necrotise                Necr           8%         1d4       17%         1
 Lesser Beckoning         Tloc           4%         N/A       26%         2
 Gell's Gravitas          Tloc           2%         N/A       45%         3
 Teleport Other           Tloc           2%         N/A       45%         3
 Vampiric Draining        Necr           2%         2d6       45%         3
 Petrify                  Tmut/Erth      12%        N/A       45%         4
 Agony                    Necr           2%         N/A       99%         5


Dungeon Overview and Level Annotations

Branches:
Dungeon (4/15)            Ossuary (1/1)
 Temple: D:4-7

Altars:
Elyvilon
Qazlal
Ru
Vehumet
Yredelemnul
Zin


Innate Abilities, Weirdness & Mutations

You are small and have problems with some larger weapons.
You are completely attuned to the shadows.
You have a pair of small horns on your head.


Message History

Aiming: Sandblast (safe; 3% risk of failure)
Press: ? - help, Shift-Dir - straight line, f - wraith
Aim: a wraith (82% to hit)
The blast of sand hits the wraith but does no damage.
The wraith hits you. The wraith drains your vigour!
You feel yourself slow down.
You take 5 damage, and have 19/28 hp.
You now have 8/9 mp.
Casting: Sandblast (safe; 3% risk of failure)
Confirm with . or Enter, or press ? or * to list all spells.
Aiming: Sandblast (safe; 3% risk of failure)
Press: ? - help, Shift-Dir - straight line, f/p - wraith
Aim: a wraith (82% to hit)
The blast of sand hits the wraith but does no damage.
The wraith barely misses you. x2
You now have 7/9 mp.
It was a potion of mutation.
You feel extremely strange. A pair of horns grows on your head!
The wraith misses you. The wraith hits you! The wraith drains your vigour!
You feel as though you will be slow longer.
You take 6 damage, and have 13/28 hp.
MASSIVE DAMAGE!!
It was a potion of ambrosia.
You are confused.
You feel invigorated. The wraith hits you.
You regained 3 hp, and now have 16/28 hp.
MP restored: 9 You hit the wraith but do no damage.
The wraith hits you! The wraith drains your vigour!
You feel as though you will be slow longer.
The wraith closely misses you.
You take 2 damage, and have 14/28 hp.
You feel less invigorated.
You feel less confused. The wraith attacks as it pursues you!
The wraith hits you! The wraith drains your vigour!
You feel as though you will be slow longer.
You take 3 damage, and have 11/28 hp.
The wraith completely misses you. x2
The wraith hits you!
Ouch! That really hurt!
You die...

#.# #'# #.#
###.###
#W▓.▓z#
###.### #.#
####'#######
.........@.#
##.###.##W.#
#. z#.#.#.#
# ###.###.#
..... ..#
..#


You could see a wraith.

Vanquished Creatures
  3 adders (D:3)
  A gnoll (D:1)
  2 adder zombies (Ossuary)
  2 worms
  2 dart slugs (D:1)
  3 orcs (D:3)
  4 ball pythons
  9 bats
  8 endoplasms
  2 giant cockroaches
  8 goblins
  4 hobgoblins
  2 kobolds
  3 quokkas (D:2)
  5 frilled lizards
  2 hobgoblin skeletons (Ossuary)
  A hobgoblin zombie (Ossuary)
  An orc skeleton (Ossuary)
  2 orc zombies (Ossuary)
  2 rats
66 creatures vanquished.

Notes
Turn   | Place    | Note
-------+----------+-------------------------------------------
     0 | D:1      | Ofeo the Kobold Earth Elementalist began the quest for the
                  | Orb.
     0 | D:1      | Reached XP level 1. HP: 10/10 MP: 3/3
   166 | D:1      | Reached XP level 2. HP: 15/15 MP: 3/5
   211 | D:1      | Found a faded altar of an unknown god.
   409 | D:1      | Reached XP level 3. HP: 19/19 MP: 3/6
  1129 | D:2      | Identified the ring of Ofeq {rElec rF+ rC- rCorr SInv}
  1267 | D:2      | Reached XP level 4. HP: 24/24 MP: 6/8
  1293 | D:2      | Found a basalt altar of Yredelemnul.
  2181 | D:2      | Learned a level 2 spell: Passwall
  2185 | D:2      | Learned a level 3 spell: Stone Arrow
  2414 | D:3      | Reached XP level 5. HP: 28/28 MP: 6/9
  2491 | D:3      | Found a radiant altar of Vehumet.
  2495 | D:3      | Found a sacrificial altar of Ru.
  2495 | D:3      | Found a white marble altar of Elyvilon.
  2495 | D:3      | Found a glowing silver altar of Zin.
  2496 | D:3      | Found a stormy altar of Qazlal.
  2925 | D:4      | Found a sand-covered staircase.
  2932 | Ossuary  | Entered an ossuary
  2999 | Ossuary  | Upgraded the game from 0.31-a0-631-g285b096dc4 to
                  | 0.31-a0-632-g766dd24fdf
  3063 | Ossuary  | Noticed a wraith
  3063 | Ossuary  | Noticed a flying skull
  3072 | Ossuary  | Noticed a flying skull
  3075 | Ossuary  | Noticed a wraith
  3080 | Ossuary  | Gained mutation: You have a pair of small horns on your
                  | head. [potion of mutation]
  3085 | Ossuary  | Slain by a wraith

Illustrated notes

Levels and vault maps discovered:
D:1:      dreamdust_arrival_sigmund_warning, layout_rooms,
          shapermc_ecumenical_altar_rom_forum
D:2:      layout_rooms, basic_altar, hangedman_decor_push
D:3:      layout_basic, minitemple, corexii_leaking_fountain,
          kennysheep_generic_room_11
D:4:      layout_basic, enter_ossuary_1
Ossuary:  ossuary_due_cavern

Skill      XL: |  1  2  3  4  5 |
---------------+----------------+-----
Stealth        | 3 |  3.8
Dodging        | 3 |  3.4
Transmutations | 2 |  2.1
Spellcasting   | 3 |  3.0
Conjurations   | |  0.3
Earth Magic    | |  3.6

Action                     |  1- 3 |  4- 6 || total
---------------------------+-------+-------++-------
  Melee: Short sword       |     1 |    34 ||    35
   Cast: Sandblast         |    37 |    43 ||    80
    Use: Scroll            |     5 |     3 ||     8
         Potion            |       |     2 ||     2
   Stab: Sleeping          |     1 |     5 ||     6
         Distracted        |       |     1 ||     1
 Armour: Robe              |     1 |     5 ||     6
  Dodge: Dodged            |     2 |    33 ||    35

Table legend: (Time is in decaauts)
 A = Elapsed time spent in this place.
 B = Non-inter-level travel time spent in this place.
 C = Inter-level travel time spent in this place.
 D = Time resting spent in this place.
 E = Time spent auto-exploring this place.
 F = Levels seen in this place.
 G = Mean time per level.
                   A        B        C        D        E       F      G
               +--------+--------+--------+--------+--------+-----+--------+
         Total |   3126 |   3058 |     68 |    210 |   2419 |   5 |  625.2 |
       Dungeon |   2969 |   2901 |     68 |    201 |   2419 |   4 |  742.2 |
       Ossuary |    157 |    157 |      0 |      9 |      0 |   1 |  157.0 |
               +--------+--------+--------+--------+--------+-----+--------+

Top non-repeatable levels by time:
     D:1: 1142 daAuts
     D:2: 1061 daAuts
     D:3: 745 daAuts
 Ossuary: 157 daAuts
     D:4: 20 daAuts
